 Dungeon Crawl Stone Soup version 0.30.0-29-ga12c61a403 (webtiles) character file.

Game seed: 12145485845676055498

59 BONEBRO the Chopper (level 4, 0/32 (40) HPs)
             Began as a Hill Orc Fighter on June 14, 2023.
             Slain by a gnoll
             ... wielding a +1 flail of draining
              (2 damage)
             ... on level 2 of the Dungeon.
             The game lasted 00:02:19 (764 turns).

BONEBRO the Chopper (Hill Orc Fighter)               Turns: 764, Time: 00:02:19

HP:   0/32 (40)     AC:  6    Str: 20    XL:     4   Next: 3%
MP:   4/4           EV:  9    Int:  8    God:
Gold: 51            SH:  4    Dex: 10    Spells: 3/3 levels left

rFire   . . .        a - +0 war axe
rCold   . . .        c - +0 buckler
rNeg    . . .        b - +0 scale mail
rPois   .            (no helmet)
rElec   .            (no cloak)
rCorr   .            (no gloves)
SInv    .            (no boots)
Will    .....        (no amulet) Stlth
                     (no ring)
HPRegen 0.25/turn    (no ring)
MPRegen 0.09/turn

%: no passive effects
@: heavily drained
A: no striking features
a: no special abilities


You were on level 2 of the Dungeon.
You visited 1 branch of the dungeon, and saw 2 of its levels.

You collected 51 gold pieces.

Inventory:

Hand Weapons
 a - a +0 war axe (weapon)
Armour
 b - a +0 scale mail (worn)
 c - a +0 buckler (worn)
Scrolls
 e - 2 scrolls of identify {unknown}
 g - a scroll of silence {unknown}
 k - a scroll of teleportation {unknown}
Potions
 d - 2 potions of might
 f - a potion of mutation {unknown}
 h - 2 potions of curing {unknown}
 i - a potion of lignification {unknown}
 j - a potion of flight {unknown}
 l - a potion of attraction {unknown}


   Skills:
 - Level 3.8 Fighting
 + Level 5.1 Axes
 - Level 3.4 Armour
 - Level 3.4 Shields


You had 3 spell levels left.
You didn't know any spells.
Your spell library was empty.

Dungeon Overview and Level Annotations

Branches:
Dungeon (2/15)

Altars:


Message History

You have reached level 4!
You slash the quokka!
You kill the quokka!
You hit the gnoll.
The gnoll is lightly wounded.
The gnoll hits you with a +0 flail.
You hit the gnoll.
The gnoll is lightly wounded.
The gnoll hits you with a +1 flail of draining.
You feel drained.
You hit the gnoll.
The gnoll is moderately wounded.
The gnoll closely misses you.
You slash the gnoll!
The gnoll is almost dead.
The gnoll hits you with a +1 flail of draining.
You feel drained.
You barely miss the gnoll.
The gnoll is almost dead.
The gnoll drinks a potion.
The gnoll is healed!
The gnoll hits you with a +1 flail of draining!
You feel drained.
You slash the gnoll!
The gnoll is severely wounded.
The gnoll hits you with a +1 flail of draining.
You feel drained.
You closely miss the gnoll.
The gnoll is severely wounded.
The gnoll hits you with a +1 flail of draining.
You feel drained.
You barely miss the gnoll.
The gnoll is severely wounded.
The gnoll hits you with a +1 flail of draining.
* * * LOW HITPOINT WARNING * * *
You feel drained.
* * * LOW HITPOINT WARNING * * *
The gnoll hits you with a +1 flail of draining.
* * * LOW HITPOINT WARNING * * *
You feel drained.
You die...

.).............########...
#..#...## #.##..#........
##.....# #...#........#
##.)..## ###..........#
...#..#####............#
.##............##......#
.........##..#..##.....#
..#...#.###..##.##.....#
......#.# #..##.@gg....#
......#.# #.######.....####
..>...... ..# #.....)...
..........#.......$#####...
...................# ...
..gg...# .......# ...$...#
...##r..


You could see 2 gnolls.

Vanquished Creatures
  2 gnolls (D:2)
  A dart slug (D:1)
  2 ball pythons
  2 endoplasms (D:1)
  A giant cockroach (D:1)
  2 goblins (D:1)
  5 hobgoblins
  6 jackals (D:1)
  2 kobolds (D:1)
  A quokka (D:2)
  6 bats
  2 frilled lizards
  2 rats (D:1)
34 creatures vanquished.

Notes
Turn   | Place    | Note
-------+----------+-------------------------------------------
     0 | D:1      | BONEBRO the Hill Orc Fighter began the quest for the Orb.
     0 | D:1      | Reached XP level 1. HP: 19/19 MP: 1/1
   151 | D:1      | Reached XP level 2. HP: 27/27 MP: 2/2
   157 | D:1      | Reached skill level 3 in Axes
   494 | D:1      | Reached XP level 3. HP: 33/33 MP: 3/3
   497 | D:1      | Reached skill level 4 in Axes
   738 | D:2      | Reached skill level 5 in Axes
   754 | D:2      | Reached XP level 4. HP: 40/40 MP: 4/4
   764 | D:2      | Slain by a gnoll

Illustrated notes

Levels and vault maps discovered:
D:1:      wander_arrival_estate, layout_loops_cross
D:2:      layout_rooms, basic_altar, uniq_robin

Skill      XL: |  1  2  3 |
---------------+----------+-----
Axes           | 3 5 |  5.1
Fighting       | |  3.8
Armour         | |  3.4
Shields        | |  3.4

Action                     |  1- 3 |  4- 6 || total
---------------------------+-------+-------++-------
  Melee: War axe           |    73 |     9 ||    82
 Armour: Scale mail        |    35 |       ||    35
  Dodge: Dodged            |    35 |     1 ||    36
  Block: Buckler           |    15 |       ||    15
